[Event "*** Qualifier 2: Titled Tuesday 3|2 Blitz"]
[Site "Chess.com"]
[Date "2017.04.11"]
[Round "1"]
[White "rasmussvane"]
[Black "dcremisi"]
[Result "1-0"]
[WhiteElo "2533"]
[BlackElo "2268"]
[TimeControl "180+2"]
[EndTime "13:07:05 PDT"]
[Termination "rasmussvane won by resignation"]

1. Nf3 e6 2. c4 d5 3. d4 Nf6 4.
Nc3 c6 5. e3 Nbd7 6. Qc2 Bd6 7.
Bd3 O-O 8. O-O dxc4 9. Bxc4 Qe7 10. a3 e5 11. Ba2 b6 12. Rd1 Bb7 13. dxe5 Nxe5 14.
Nd4 g6 15. e4 Bc5 16. Nb3 Rfd8 17. Nxc5 Qxc5 18. Be3 Qe7 19. h3 Ba6 20. Qa4 Qb7 21. Bg5 Rxd1+ 22. Rxd1 Nfd7 23. Qd4 Re8 24. f4 c5 25. Qd6 Nd3 26. Rxd3 Bxd3 27. Qxd3 Nf8 28. Nd5 Nd7 29. Qc3 Rxe4 30. Ne7+ Rxe7 31. Bxe7 Qe4 32.
Bg5 Nf8 33. Bh6 Qd4+ 34. Qxd4 cxd4 35. Kf2 Ne6 36. Bxe6 fxe6 37. Kf3 1-0

[Event "*** Qualifier 2: Titled Tuesday 3|2 Blitz"]
[Site "Chess.com"]
[Date "2017.04.11"]
[Round "1"]
[White "nonscitis"]
[Black "Infernal_XaM"]
[Result "0-1"]
[WhiteElo "2377"]
[BlackElo "2751"]
[TimeControl "180+2"]
[EndTime "13:07:13 PDT"]
[Termination "Infernal_XaM won by resignation"]

1. d4 Nf6 2. Nf3 e6 3. c4 b6 4. a3 Bb7 5. Nc3 a6 6. g3 g6 7.
Bg2 Bg7 8. O-O O-O 9. Re1 d5 10. cxd5 exd5 11. Ne5 Re8 12. Bg5 h6 13. Be3 Nbd7 14.
f4 Nf8 15. Bf2 Ne4 16. Nxe4 dxe4 17. Qc2 f6 18. Nc4 Rc8 19. Rad1 b5 20. Na5 Bd5 21. Nb3 f5 22. Nc5 Qd6 23. b4 Ra8 24. Nb3 Nd7 25. Na5 Nf6 26. e3 Rec8 27. Qc5 Qe6 28. h3 g5 29. Rc1 Bf8 30. Qc3 c6 31. Kh2 Ra7 32. Bf1 Rg7 33. Be2 Bd6 34. a4 gxf4 35. gxf4 Bxf4+ 36. exf4 e3 37. Bg3 Rxg3 38. Kxg3 Ne4+ 39. Kh2 Nxc3 40. Rxc3 Kh8 41. Rg1 Rg8 42. Rxg8+ Kxg8 43. axb5 axb5 44. Rc1 Qe4 45. Rg1+ Kf8 46. Kg3 Qxd4 47. Rb1 Qe4 48. Rg1 Qxb4 49. Nb7 Qb2 50. Re1 Qg7+ 51. Kh4 Qxb7 0-1

[Event "*** Qualifier 2: Titled Tuesday 3|2 Blitz"]
[Site "Chess.com"]
[Date "2017.04.11"]
[Round "1"]
[White "talaicito"]
[Black "djogrodek1"]
[Result "1-0"]
[WhiteElo "2033"]
[BlackElo "2385"]
[TimeControl "180+2"]
[EndTime "13:07:20 PDT"]
[Termination "talaicito won by resignation"]

1. e4 c5 2. Nf3 d6 3. d4 cxd4 4.
Nxd4 Nf6 5. Nc3 g6 6. Be3 Bg7 7. f3 O-O 8. Qd2 Nc6 9. Bc4 Bd7 10. O-O-O Rc8 11. Bb3 Nxd4 12. Bxd4 b5 13. Nd5 Nxd5 14.
Bxg7 Kxg7 15. Bxd5 a5 16. h4 e6 17. h5 exd5 18.
hxg6 hxg6 19. Qh6+ Kf6 20. Rh4 Ke7 21. Rf4 dxe4 22.
Qg5+ Ke8 23. Rxe4+ Be6 24. Qxb5+ Qd7 25. Qxa5 Qc6 26. c3 Ra8 27. Qb4 Rxa2 28. Rxd6 Qc8 29. Qb5+ Ke7 30. Qb4 Ke8 31. Rb6 Ra1+ 32. Kc2 Ra8 33.
Rb7 Qd8 1-0

[Event "*** Qualifier 2: Titled Tuesday 3|2 Blitz"]
[Site "Chess.com"]
[Date "2017.04.11"]
[Round "1"]
[White "keisyzrk"]
[Black "XDPS"]
[Result "0-1"]
[WhiteElo "2282"]
[BlackElo "2591"]
[TimeControl "180+2"]
[EndTime "13:07:28 PDT"]
[Termination "XDPS won by resignation"]

1. d4 d5 2. Nf3 Nf6 3. c4 dxc4 4. e3 Bg4 5. Bxc4 e6 6. O-O a6 7. h3 Bh5 8. Be2 Nc6 9. Nc3 Bd6 10. e4 Bxf3 11. Bxf3 Nxd4 12. e5 Bxe5 13. Bxb7 Ra7 14.
f4 Bd6 15. Qa4+ Qd7 16. Qxd4 Rxb7 17. Kh1 O-O 18. Ne4 Nxe4 19. Qxe4 Rb4 20. Qf3 Rfb8 21.
b3 a5 22. Bd2 R4b5 23. Rfd1 Rd5 24. Be1 Bb4 25. Bf2 c6 26. Rac1 h6 27. Kh2 Bd6 28.
Bg3 Rb4 29. Rxd5 cxd5 30. Qc3 a4 31. Qc8+ Qxc8 32. Rxc8+ Kh7 33. bxa4 Rxa4 34. Rd8 Bxf4 35. Bxf4 Rxf4 36. Ra8 Rf2 37. Kg3 Rb2 38. a4 g5 39.
Kf3 Kg6 40. a5 Ra2 41. a6 Kf5 42. g4+ Ke5 43. Ke3 Ra3+ 44. Kd2 Rxh3 45. a7 Ra3 46. Ke2 Ke4 0-1

[Event "*** Qualifier 2: Titled Tuesday 3|2 Blitz"]
[Site "Chess.com"]
[Date "2017.04.11"]
[Round "1"]
[White "likantrophuss"]
[Black "Wolverine_master"]
[Result "1-0"]
[WhiteElo "2404"]
[BlackElo "1992"]
[TimeControl "180+2"]
[EndTime "13:07:28 PDT"]
[Termination "likantrophuss won on time"]

1. Nf3 Nf6 2. b3 g6 3. Bb2 Bg7 4. g3 d5 5. Bg2 c5 6. O-O O-O 7. c4 Nc6 8. d3 Re8 9. cxd5 Nxd5 10.
Bxg7 Kxg7 11. Na3 e5 12. Nc4 f6 13. Rc1 b6 14. Qd2 Be6 15. Rfd1 Rc8 16. a3 Qe7 17.
Qb2 Nd4 18. e3 Nxf3+ 19. Bxf3 Red8 20. b4 cxb4 21. Ra1 Nc3 22. Rd2 e4 23. axb4 exf3 24. Qxc3 Bxc4 25. dxc4 Rxd2 26. Qxd2 Qe6 27. Rxa7+ Kg8 28.
Qd1 Qxc4 29. Qxf3 1-0

[Event "*** Qualifier 2: Titled Tuesday 3|2 Blitz"]
[Site "Chess.com"]
[Date "2017.04.11"]
[Round "1"]
[White "Abrito99"]
[Black "Zlatan56"]
[Result "1-0"]
[WhiteElo "2338"]
[BlackElo "2594"]
[TimeControl "180+2"]
[EndTime "13:07:40 PDT"]
[Termination "Abrito99 won by resignation"]

1. e4 g6 2. d4 Bg7 3. Nc3 d6 4. Nf3 a6 5. a4 Nf6 6. Be3 O-O 7. Be2 b6 8. O-O Bb7 9. Nd2 Nbd7 10. f4 e5 11. fxe5 dxe5 12. d5 c6 13. Nc4 Qc7 14.
a5 b5 15. Nb6 Rad8 16. Qc1 cxd5 17. Ncxd5 Nxd5 18. exd5 f5 19. c4 f4 20. Bf2 e4 21.
cxb5 Qxc1 22. Raxc1 e3 23. Bh4 Nxb6 24. Bxd8 Nxd5 25.
bxa6 Ba8 26. Rc8 Bxb2 27. Bc4 Bd4 28. Kh1 Kg7 29. Rxa8 Nc3 30. Bb6 Rxa8 31. Bxd4+ Kh6 32. Bxc3 Rc8 33. a7 1-0

[Event "*** Qualifier 2: Titled Tuesday 3|2 Blitz"]
[Site "Chess.com"]
[Date "2017.04.11"]
[Round "1"]
[White "Gabix_94"]
[Black "PowerThinking2650"]
[Result "1-0"]
[WhiteElo "2513"]
[BlackElo "2221"]
[TimeControl "180+2"]
[EndTime "13:07:40 PDT"]
[Termination "Gabix_94 won by resignation"]

1. e4 e5 2. Nf3 Nc6 3. Nc3 Nf6 4.
Be2 Be7 5. d4 exd4 6. Nxd4 d6 7.
O-O O-O 8. Re1 Re8 9. h3 h6 10. Bf1 Bf8 11. Bf4 Ne5 12. Bh2 a6 13. a4 g5 14. Kh1 Ng6 15. Qd2 Bg7 16. Rad1 Bd7 17. a5 Nh5 18. Nd5 Bc6 19. Nf5 Bxd5 20. Qxd5 Nhf4 21. Qb3 Bf8 22. Bxf4 Nxf4 23. g3 Ng6 24.
Bg2 Qf6 25. c3 Rab8 26. Re2 Ne7 27. Ne3 Bg7 28. Rde1 Qg6 29. Kh2 Qe6 30. Qa4 Qg6 31. Nf5 Qf6 32. Ne3 Ng6 33. Nd5 Qd8 34. Qc2 h5 35.
Kg1 h4 36. Re3 Be5 37. Qe2 hxg3 38. fxg3 Kg7 39. Rf3 f6 40. Ne3 c6 41. Nf5+ Kf7 42.
Qc4+ d5 43. Qb3 Qxa5 44. Rd1 Qb5 45. Qa2 Qe2 46. Rfd3 Ne7 47. Bf3 Nxf5 48. Bxe2 1-0

[Event "*** Qualifier 2: Titled Tuesday 3|2 Blitz"]
[Site "Chess.com"]
[Date "2017.04.11"]
[Round "1"]
[White "Alexander_Moskalenko"]
[Black "PelinGorki"]
[Result "0-1"]
[WhiteElo "2649"]
[BlackElo "2377"]
[TimeControl "180+2"]
[EndTime "13:07:42 PDT"]
[Termination "PelinGorki won by resignation"]

1. d4 Nf6 2. Bg5 e6 3. e4 h6 4. Bxf6 Qxf6 5. c3 d5 6. Bd3 dxe4 7. Bxe4 c5 8. Nf3 Qd8 9. O-O Qb6 10. Nbd2 Qxb2 11.
Rb1 Qxc3 12. Bxb7 Bxb7 13. Rxb7 Qa5 14. d5 Qa6 15. Qb3 Nd7 16. dxe6 fxe6 17. Re1 O-O-O 18. Rxe6 Qxb7 19. Qa4 Nb6 20. Qf4 Qc7 21. Qe4 Bd6 22.
h4 Qd7 23. Rg6 Rhe8 24. Qc2 Kb8 25. g3 Re7 26. Ne4 Qf5 27. Rxd6 Rxd6 28. Qxc5 Qxc5 29. Nxc5 Rd1+ 30. Kg2 Ra1 31. a4 Nxa4 32. Na6+ Kc8 33. Nb4 Nb6 34. Nd4 Re4 35. Nbc6 Rxd4 36. Nxd4 a5 37.
Nb3 Ra3 38. Nd4 a4 39. Nb5 Rd3 40.
Kf1 a3 41. Nxa3 Rxa3 0-1

[Event "*** Qualifier 2: Titled Tuesday 3|2 Blitz"]
[Site "Chess.com"]
[Date "2017.04.11"]
[Round "1"]
[White "Kozok"]
[Black "VMikhalevski"]
[Result "0-1"]
[WhiteElo "2276"]
[BlackElo "2553"]
[TimeControl "180+2"]
[EndTime "13:07:43 PDT"]
[Termination "VMikhalevski won by resignation"]

1. e4 e5 2. Nf3 Nc6 3. Bb5 a6 4. Ba4 Nf6 5. Bxc6 dxc6 6. d3 Bd6 7. Nbd2 Be6 8. b3 b5 9. Bb2 Nd7 10. Nf1 O-O 11. Ne3 c5 12. O-O Rb8 13. c4 c6 14.
h3 Re8 15. Nh2 Nf8 16. Nf5 Ng6 17. Ng4 Bc7 18. Qc2 Nf4 19. Rfd1 Qg5 20. Kh2 Bxf5 21. exf5 e4 22. g3 Nxd3 23. cxb5 cxb5 24. Rxd3 exd3 25. Qxd3 Rbd8 26. Qc3 h5 27. Qxc5 Bxg3+ 28. Kxg3 hxg4 29. hxg4 Rd3+ 30. f3 Qd2 31. Be5 Qe2 32. Bxg7 Rxf3+ 33. Kh4 Kxg7 0-1

[Event "*** Qualifier 2: Titled Tuesday 3|2 Blitz"]
[Site "Chess.com"]
[Date "2017.04.11"]
[Round "1"]
[White "joppie2"]
[Black "Vrolijk"]
[Result "1-0"]
[WhiteElo "2545"]
[BlackElo "2279"]
[TimeControl "180+2"]
[EndTime "13:07:45 PDT"]
[Termination "joppie2 won by resignation"]

1. e4 e5 2. Nf3 Nc6 3. Bc4 Bc5 4. O-O Nf6 5. d3 O-O 6. Bg5 Be7 7. Nc3 d6 8. a3 Be6 9. Bxf6 Bxf6 10. Nd5 g6 11. c3 Bg7 12. Ba2 Ne7 13. Nxe7+ Qxe7 14. Bxe6 Qxe6 15. Re1 Rfe8 16. d4 Rad8 17. Qa4 a6 18.
Rad1 h6 19. h3 Kh7 20. Rd2 f5 21. dxe5 dxe5 22. Red1 Rxd2 23. Rxd2 b5 24. Qc2 f4 25.
Qd1 Qc4 26. Rd7 Qxe4 27. Rxc7 Qf5 28. Qd5 e4 29. Qb7 Qf6 30. Rf7 Rb8 31. Rxg7+ Qxg7 32. Qxb8 exf3 33. Qxf4 fxg2 34. Kxg2 Qd7 35. Qf3 Kg7 36. b3 Qe7 37. c4 Qxa3 38. Qc3+ Kf7 39. c5 Qa5 40.
Qxa5 1-0

[Event "*** Qualifier 2: Titled Tuesday 3|2 Blitz"]
[Site "Chess.com"]
[Date "2017.04.11"]
[Round "1"]
[White "Alexander_Donchenko"]
[Black "omeletking"]
[Result "1-0"]
[WhiteElo "2586"]
[BlackElo "2302"]
[TimeControl "180+2"]
[EndTime "13:07:47 PDT"]
[Termination "Alexander_Donchenko won by checkmate"]

1. d4 d6 2. Nf3 g6 3. g3 Bg7 4.
Bg2 Nf6 5. O-O O-O 6. b3 c6 7. Bb2 Qa5 8. Nbd2 Qh5 9. e4 Bh3 10. Ne1 Ng4 11. Qf3 e5 12. dxe5 Nd7 13. Nd3 dxe5 14.
Bxh3 Qxh3 15. Qg2 Qxg2+ 16. Kxg2 Rad8 17. Nc4 f6 18. Ba3 Rfe8 19. Na5 f5 20. Nxb7 fxe4 21. Nxd8 exd3 22. Nxc6 e4 23. Rad1 e3 24. Rxd3 exf2 25.
Rxd7 Rf8 26. Bxf8 Bxf8 27. Rxf2 Nxf2 28. Kxf2 Bc5+ 29. Kf3 a5 30. Nxa5 Bf8 31. Nc6 h5 32.
Kf4 Bg7 33. Kg5 Kh7 34. Ne5 Kh8 35. Kxg6 Bf8 36. Rf7 Kg8 37. Nd7 Be7 38. Rxe7 h4 39. Re8# 1-0

[Event "*** Qualifier 2: Titled Tuesday 3|2 Blitz"]
[Site "Chess.com"]
[Date "2017.04.11"]
[Round "1"]
[White "Zhani-Z"]
[Black "jeaston1"]
[Result "1-0"]
[WhiteElo "2422"]
[BlackElo "2110"]
[TimeControl "180+2"]
[EndTime "13:07:50 PDT"]
[Termination "Zhani-Z won by resignation"]

1. e4 c5 2. Nf3 Nc6 3. d4 cxd4 4. Nxd4 Nf6 5. Nc3 e5 6. Ndb5 d6 7. Bg5 a6 8. Na3 b5 9. Nd5 Be7 10. Bxf6 Bxf6 11. c4 b4 12. Nc2 a5 13. Qf3 Bg5 14. h4 Bh6 15. g4 Bf4 16. Rd1 Be6 17. Nxf4 exf4 18. Qxf4 Ne5 19. Ne3 Rc8 20. b3 O-O 21. Be2 a4 22. g5 axb3 23. axb3 Rc6 24. h5 f6 25. Rg1 fxg5 26. Qxg5 Qxg5 27. Rxg5 Ra6 28.
c5 Bxb3 29. Rxe5 dxe5 30. Bxa6 Bxd1 31. Kxd1 Ra8 32. Bc4+ Kf8 33. c6 Rc8 34. Bb5 Ke7 35. Nd5+ Kd6 36. c7 b3 37. Ba6 Rxc7 38. Nxc7 Kxc7 39.
Bc4 Kd6 40. Bxb3 Kc5 41. Ke2 Kd4 42. Kf3 Kd3 43. Bg8 h6 1-0

[Event "*** Qualifier 2: Titled Tuesday 3|2 Blitz"]
[Site "Chess.com"]
[Date "2017.04.11"]
[Round "1"]
[White "TenisMaster"]
[Black "Feegus"]
[Result "1/2-1/2"]
[WhiteElo "2643"]
[BlackElo "2360"]
[TimeControl "180+2"]
[EndTime "13:07:51 PDT"]
[Termination "Game drawn by agreement"]

1. e4 e6 2. d4 d5 3. Nc3 Nf6 4. e5 Nfd7 5. f4 Bb4 6. Ne2 c5 7. a3 Bxc3+ 8. Nxc3 b6 9. Be3 O-O 10. Qd2 Nc6 11. O-O-O a5 12. Bb5 Bb7 13. Rhe1 cxd4 14.
Bxd4 Nxd4 15. Qxd4 Nc5 16. Kb1 Rc8 17. Bd3 h6 18. Nb5 Nxd3 19. cxd3 Ba6 20. Nd6 Rc6 21. Rc1 Rxc1+ 22. Rxc1 Qh4 23. Rc3 Qxh2 24. Qxb6 d4 25. Qxd4 Qxg2 26. Rc1 Rb8 27. f5 Bxd3+ 28. Ka1 Bxf5 29.
Nxf5 exf5 30. Rc7 Qe4 31. Qd7 Qxe5 32. Qxf7+ Kh8 33. Rc2 f4 1/2-1/2

[Event "*** Qualifier 2: Titled Tuesday 3|2 Blitz"]
[Site "Chess.com"]
[Date "2017.04.11"]
[Round "1"]
[White "Fandorine"]
[Black "StarkAst"]
[Result "1-0"]
[WhiteElo "2659"]
[BlackElo "2344"]
[TimeControl "180+2"]
[EndTime "13:07:53 PDT"]
[Termination "Fandorine won by resignation"]

1. e4 e6 2. d4 d5 3. Bd3 Nf6 4.
e5 Nfd7 5. Ne2 c5 6. c3 Nc6 7. O-O f6 8. Nf4 Qe7 9. Re1 fxe5 10. dxe5 g6 11. Na3 Bg7 12. Nb5 Ndxe5 13. Nh3 O-O 14.
Bg5 Qf7 15. Nd6 Qc7 16. Nxc8 Raxc8 17. Bf1 Rce8 18. Bd2 Re7 19. f4 Nd7 20. g3 e5 21.
fxe5 Ndxe5 22. Bg2 Qd6 23. Bg5 Rd7 24. Nf4 d4 25. Nd5 Kh8 26. Bf4 Qe6 27. Qb3 c4 28. Qb5 a6 29. Qc5 Nd3 30. Qxf8+ Qg8 31. Qxg8+ 1-0

[Event "*** Qualifier 2: Titled Tuesday 3|2 Blitz"]
[Site "Chess.com"]
[Date "2017.04.11"]
[Round "1"]
[White "GeorgMeier"]
[Black "eldur16"]
[Result "1-0"]
[WhiteElo "2705"]
[BlackElo "2375"]
[TimeControl "180+2"]
[EndTime "13:07:54 PDT"]
[Termination "GeorgMeier won by resignation"]

1. Nf3 Nf6 2. g3 g6 3. Bg2 Bg7 4. O-O O-O 5. d4 d6 6. b3 Nbd7 7. Bb2 e5 8. dxe5 Ng4 9. Qd2 dxe5 10. e4 Re8 11. Rd1 c6 12. h3 Nh6 13. Na3 f6 14. Nc4 Nf7 15. a4 Qc7 16. a5 Nc5 17. Qe3 Ne6 18. h4 Bf8 19. Ba3 Bxa3 20. Rxa3 Rd8 21.
Raa1 Rxd1+ 22. Rxd1 Bd7 23. c3 Be8 24. b4 a6 25. Bh3 Rd8 26. Rxd8 Nfxd8 27. Ne1 Bf7 28. Nb6 Kg7 29. Nd3 Qd6 30. Na4 Nc7 31. Nac5 Nb5 32.
Nb2 Qe7 33. Qd2 Ne6 34. Nba4 Nf8 35. Bc8 Nd6 36. Nb6 f5 37. exf5 gxf5 38. Qg5+ Qxg5 39. hxg5 Kg6 40. Bxb7 Nxb7 41. Nxb7 Kxg5 42. Nc5 e4 43.
Nxa6 Ne6 44. Nc5 Nc7 45. a6 Nb5 46. Nc8 Kg4 47. a7 Nxa7 48. Nxa7 Be8 49. Ne6 Kf3 50. Nd4+ 1-0

[Event "*** Qualifier 2: Titled Tuesday 3|2 Blitz"]
[Site "Chess.com"]
[Date "2017.04.11"]
[Round "1"]
[White "Alex_Molchanov"]
[Black "brauliocuarta"]
[Result "1-0"]
[WhiteElo "2405"]
[BlackElo "2039"]
[TimeControl "180+2"]
[EndTime "13:08:00 PDT"]
[Termination "Alex_Molchanov won by resignation"]

1. d4 Nf6 2. c4 c5 3. d5 b5 4.
cxb5 a6 5. b6 d6 6. Nc3 Nbd7 7. e4 Rb8 8. Nf3 g6 9. Be2 Bg7 10. O-O O-O 11. h3 Nxb6 12. Qc2 e6 13.
Bg5 exd5 14. exd5 Bf5 15. Qd2 Qc7 16. Bxa6 Ne4 17. Nxe4 Bxe4 18. Bh6 Bxd5 19. Bxg7 Kxg7 20. Rad1 Bxf3 21. Qc3+ Kg8 22. Qxf3 Rfd8 23. Bd3 d5 24. b3 Re8 25. Rc1 Rbc8 26. Rc2 c4 27. bxc4 dxc4 28.
Rfc1 Qd6 29. Bf1 Qd4 30. g3 Rc7 31. h4 Rec8 32. Bh3 f5 33. Rd1 Qf6 34. Qf4 Rc6 35. Bg2 Re6 36. a4 Nxa4 37. Bd5 Nb2 38. Rxb2 1-0

[Event "*** Qualifier 2: Titled Tuesday 3|2 Blitz"]
[Site "Chess.com"]
[Date "2017.04.11"]
[Round "1"]
[White "Vamostodorecto"]
[Black "Noukii"]
[Result "1-0"]
[WhiteElo "2346"]
[BlackElo "2627"]
[TimeControl "180+2"]
[EndTime "13:08:08 PDT"]
[Termination "Vamostodorecto won by checkmate"]

1. d4 Nf6 2. c4 c6 3. Nc3 d5 4. Nf3 dxc4 5. e3 b5 6. a4 b4 7. Na2 e6 8. Bxc4 c5 9. O-O Bb7 10. Qe2 Nbd7 11. Rd1 Bd6 12. Bd2 a5 13. Be1 O-O 14. Nc1 Qb8 15. h3 Bd5 16. Nb3 Qb7 17.
Bxd5 exd5 18. dxc5 Nxc5 19. Nxc5 Bxc5 20. Rac1 Rfc8 21.
Nd4 Bxd4 22. Rxc8+ Rxc8 23. Rxd4 Qc6 24. f3 Qxa4 25. Bh4 Rc2 26. Qa6 Ne8 27. Qa8 h6 28. Rxd5 Rxb2 29. Rd8 Kf8 30. Qe4 g5 31. Bg3 Qa2 32.
Qxe8+ Kg7 33. Be5+ Kg6 34. Rd6+ Kh5 35. g4+ Kh4 36.
Rxh6# 1-0

[Event "*** Qualifier 2: Titled Tuesday 3|2 Blitz"]
[Site "Chess.com"]
[Date "2017.04.11"]
[Round "1"]
[White "penguingm1"]
[Black "nickmatta"]
[Result "1-0"]
[WhiteElo "2595"]
[BlackElo "2308"]
[TimeControl "180+2"]
[EndTime "13:08:09 PDT"]
[Termination "penguingm1 won by checkmate"]

1. d4 Nf6 2. c4 g6 3. f3 d5 4.
cxd5 Nxd5 5. e4 Nb6 6. Nc3 Bg7 7. Be3 O-O 8. Qd2 Nc6 9. O-O-O f5 10. e5 Nb4 11. Nh3 a5 12. Nf4 N4d5 13. h4 Nxf4 14. Bxf4 Qe8 15. h5 gxh5 16. d5 c6 17. d6 Be6 18.
Bh6 exd6 19. Bxg7 Kxg7 20. exd6 Nd5 21. Re1 Qg6 22. Bc4 Bf7 23. g4 Qxd6 24. gxh5 Qf4 25. h6+ Kh8 26. Bxd5 Qxd2+ 27. Kxd2 Rad8 28. Re7 Bxd5 29. Nxd5 Rxd5+ 30. Ke3 Rb5 31. b3 a4 32. Rg1 axb3 33. Rgg7 Rd8 34. Rxh7+ Kg8 35. Reg7+ Kf8 36. Rh8# 1-0

[Event "*** Qualifier 2: Titled Tuesday 3|2 Blitz"]
[Site "Chess.com"]
[Date "2017.04.11"]
[Round "1"]
[White "Grebeniuk-S"]
[Black "alturas_pacificas"]
[Result "0-1"]
[WhiteElo "2399"]
[BlackElo "2128"]
[TimeControl "180+2"]
[EndTime "13:08:13 PDT"]
[Termination "alturas_pacificas won by checkmate"]

1. d4 d5 2. c4 c6 3. cxd5 cxd5 4.
Bf4 Nc6 5. e3 Nf6 6. Nc3 Bf5 7.
Qb3 Bc8 8. Rc1 e6 9. Bd3 Bd6 10. Bg3 Bxg3 11. hxg3 h6 12. Nf3 O-O 13. O-O a6 14.
Na4 Na5 15. Qb6 Bd7 16. Qxd8 Rfxd8 17. Nb6 Rab8 18. Rc3 Bb5 19. Rfc1 Bxd3 20. Rxd3 Ne4 21. Ne5 Nc4 22. Nexc4 dxc4 23. Rxc4 Rd6 24. Rb4 Rc6 25. f3 Rc1+ 26. Kh2 Nf2 27. g4 Nxd3 28. Rb3 Ne1 29. Nd7 Rbc8 30. Rxb7 R1c7 31. Rxc7 Rxc7 32. Nc5 e5 33.
Kg3 exd4 34. exd4 Nc2 35. Nxa6 Ra7 36. Nc5 Rxa2 37. d5 Rxb2 38. d6 Nb4 39. Kf4 Nc6 40. g5 hxg5+ 41. Kg4 Rxg2+ 42. Kf5 Rd2 43. Ne4 Rd5+ 44.
Kg4 f5+ 45. Kxg5 fxe4+ 46. Kg6 exf3 47. d7 Ne7# 0-1

[Event "*** Qualifier 2: Titled Tuesday 3|2 Blitz"]
[Site "Chess.com"]
[Date "2017.04.11"]
[Round "1"]
[White "SmoothAsAHedgehog"]
[Black "MartinMatthiesen"]
[Result "1-0"]
[WhiteElo "2524"]
[BlackElo "2263"]
[TimeControl "180+2"]
[EndTime "13:08:17 PDT"]
[Termination "SmoothAsAHedgehog won by resignation"]

1. Nf3 Nf6 2. c4 c5 3. g3 g6 4. Bg2 Bg7 5. O-O O-O 6. Nc3 d5 7. cxd5 Nxd5 8. Nxd5 Qxd5 9. d3 Qd6 10. Be3 Nc6 11. Rc1 Nd4 12. Nxd4 cxd4 13. Bd2 Be6 14. Qa4 Qb6 15. b3 Rac8 16. Bb4 Bf6 17. Qa3 Rfe8 18.
Bc5 Qa6 19. Qxa6 bxa6 20. Bxa7 Rc3 21. Rxc3 dxc3 22. d4 Rd8 23. e3 Bf5 24. Rc1 e5 25. Rxc3 exd4 26. Bxd4 Bxd4 27. exd4 Rxd4 28. Bf1 Rd1 29.
Kg2 Ra1 30. a4 a5 31. Bc4 Be4+ 32. f3 Ra2+ 33. Kh3 Bf5+ 34. g4 Bd7 35. Kg3 Kg7 36. Bd5 Ra3 37. Rc7 Be8 38. Rc5 1-0

[Event "*** Qualifier 2: Titled Tuesday 3|2 Blitz"]
[Site "Chess.com"]
[Date "2017.04.11"]
[Round "1"]
[White "MFBerna"]
[Black "Sven_Tica"]
[Result "1-0"]
[WhiteElo "2120"]
[BlackElo "2400"]
[TimeControl "180+2"]
[EndTime "13:08:18 PDT"]
[Termination "MFBerna won by resignation"]

1. e4 c6 2. d4 d5 3. Nc3 dxe4 4.
Nxe4 Nd7 5. Ng5 g6 6. Bc4 Nh6 7. N1f3 Bg7 8. O-O Nb6 9. Bb3 a5 10. a4 O-O 11. Ne5 Nd5 12. Ngf3 Nf5 13. c3 Qc7 14. Re1 Rd8 15. Bd2 e6 16. Qe2 b6 17.
Rad1 Bb7 18. Bc2 c5 19. dxc5 bxc5 20. h3 Rdc8 21. Bc1 Ba6 22. Qe4 Rab8 23. h4 Bb7 24. Qg4 Nf6 25. Qh3 Rd8 26. Ng5 Rxd1 27. Bxd1 Ne4 28. Nexf7 Nxg5 29. Nxg5 e5 30. Bg4 Bc8 31. h5 h6 32. hxg6 hxg5 33. Bxf5 Bxf5 34. Qxf5 Rf8 35. Qe6+ Kh8 36. Re3 Bh6 37. Rh3 Kg7 38. Bxg5 Rh8 39. Qf6+ Kg8 40. Qe6+ 1-0

[Event "*** Qualifier 2: Titled Tuesday 3|2 Blitz"]
[Site "Chess.com"]
[Date "2017.04.11"]
[Round "1"]
[White "Kacparov"]
[Black "macko06"]
[Result "1-0"]
[WhiteElo "2588"]
[BlackElo "2326"]
[TimeControl "180+2"]
[EndTime "13:08:24 PDT"]
[Termination "Kacparov won by checkmate"]

1. e4 e6 2. d4 d5 3. Nd2 c5 4.
exd5 Qxd5 5. Ngf3 cxd4 6. Bc4 Qd6 7. O-O Nf6 8. Nb3 Nc6 9. Nbxd4 Nxd4 10. Nxd4 a6 11.
Bb3 Qc7 12. Qf3 Bd6 13. h3 O-O 14. Bg5 Bh2+ 15. Kh1 Be5 16. Rad1 h6 17. Bc1 Rd8 18. c3 Bxd4 19. cxd4 Nd5 20. Qe4 b6 21. Qg4 Nf6 22. Qh4 Qe7 23. d5 exd5 24. Be3 b5 25. Bd4 Be6 26. Rd3 Bf5 27. Re3 Qd6 28. Rg3 Bg6 29. Rd1 Ne4 30. Re3 Ng5 31. Rf1 Ne6 32. Be5 Qc5 33. Rc3 Qb6 34. f4 Bf5 35. Qh5 Bg6 36. Qd1 Bf5 37. Qh5 Bg6 38. Qg4 d4 39. f5 dxc3 40.
fxg6 Ng5 41. gxf7+ Kh8 42. h4 Nxf7 43. Qxg7# 1-0

[Event "*** Qualifier 2: Titled Tuesday 3|2 Blitz"]
[Site "Chess.com"]
[Date "2017.04.11"]
[Round "1"]
[White "gmcorrales"]
[Black "dhanushbharadwaj"]
[Result "1-0"]
[WhiteElo "2612"]
[BlackElo "2314"]
[TimeControl "180+2"]
[EndTime "13:08:25 PDT"]
[Termination "gmcorrales won by resignation"]

1. e4 c5 2. Nf3 d6 3. d4 cxd4 4.
Nxd4 Nf6 5. Nc3 a6 6. Be3 e5 7.
Nb3 Be6 8. Be2 Nbd7 9. g4 h6 10. Rg1 Rc8 11. Qd2 b5 12. a3 Qc7 13. h4 g6 14. g5 hxg5 15. hxg5 Nh5 16. Rh1 Be7 17. O-O-O Nb6 18. Bxb6 Qxb6 19. Bxh5 gxh5 20. Kb1 b4 21. Nd5 Bxd5 22. Qxd5 bxa3 23. g6 Qxf2 24. Rd2 Qf3 25.
Rg1 axb2 26. Kxb2 h4 27. Rd3 Qf2 28. gxf7+ Qxf7 29. Qb7 Rd8 30. Qc6+ Kf8 31. Rdd1 Rh6 32. Rg4 h3 33. Rh1 h2 34. Rg2 d5 35. Qxh6+ Ke8 36. Qc6+ Kf8 37. Rhxh2 dxe4 38. Rh8+ 1-0

[Event "*** Qualifier 2: Titled Tuesday 3|2 Blitz"]
[Site "Chess.com"]
[Date "2017.04.11"]
[Round "1"]
[White "rubhani"]
[Black "Sanan_Sjugirov"]
[Result "1-0"]
[WhiteElo "2391"]
[BlackElo "2678"]
[TimeControl "180+2"]
[EndTime "13:08:27 PDT"]
[Termination "rubhani won by resignation"]

1. e4 c5 2. Nf3 d6 3. d4 cxd4 4.
Nxd4 Nf6 5. Nc3 a6 6. Bg5 e6 7. f4 h6 8. Bh4 Be7 9. Qe2 Nxe4 10. Nxe4 Bxh4+ 11. g3 Be7 12. O-O-O Nc6 13. f5 Nxd4 14. Rxd4 O-O 15. f6 Bxf6 16. Rxd6 Qe7 17. Kb1 Be5 18.
Rd1 f5 19. Nd2 Bf6 20. Nc4 b5 21. Bg2 bxc4 22. Bxa8 c3 23. Qc4 Bd7 24. Qxa6 cxb2 25.
Rhe1 Bc8 26. Qa4 Kh8 27. Bd5 Qf7 28. Bb3 Qc7 29. Bxe6 Bxe6 30. Rxe6 Kh7 31. Re8 Rf7 32. Qb5 Bc3 33. Qd5 Qa7 34. Ra8 Qe7 35. Rd8 Qa7 36.
Rd7 Rxd7 37. Qxf5+ Kh8 38. Qxd7 Qe3 39. Qd8+ 1-0

[Event "*** Qualifier 2: Titled Tuesday 3|2 Blitz"]
[Site "Chess.com"]
[Date "2017.04.11"]
[Round "1"]
[White "Goala"]
[Black "GMHess"]
[Result "0-1"]
[WhiteElo "2307"]
[BlackElo "2602"]
[TimeControl "180+2"]
[EndTime "13:08:27 PDT"]
[Termination "GMHess won by resignation"]

1. d4 g6 2. c4 Bg7 3. Nc3 c5 4. Nf3 cxd4 5. Nxd4 Nc6 6. Nc2 Bxc3+ 7. bxc3 Qa5 8. Bd2 Nf6 9. g3 O-O 10. Bg2 d6 11. O-O Be6 12. Rb1 Rab8 13. Ne3 Rfc8 14.
Qc2 b6 15. Rb5 Qa6 16. Rfb1 Ne5 17. R5b4 Rc7 18. Nd5 Bxd5 19. cxd5 Qxe2 20. Re1 Nf3+ 21. Bxf3 Qxf3 22. Rf4 Qxd5 23. h4 Rbc8 24. Re2 Qh5 25. Re1 Nd5 26. Rfe4 e5 27. c4 Nf6 28. R4e3 Rxc4 29. Qb3 Qf5 30. Rf3 Qe6 31. Bg5 Ne4 32. Bh6 f5 33. Kg2 d5 34. Rd3 Nc5 35. Qd1 Nxd3 36.
Qxd3 Re4 37. Rd1 Rd4 38. Qe2 Rxd1 39. Qxd1 d4 40. Qa4 Qc6+ 41. Qxc6 Rxc6 0-1

[Event "*** Qualifier 2: Titled Tuesday 3|2 Blitz"]
[Site "Chess.com"]
[Date "2017.04.11"]
[Round "1"]
[White "hansen"]
[Black "korason34"]
[Result "0-1"]
[WhiteElo "2668"]
[BlackElo "2370"]
[TimeControl "180+2"]
[EndTime "13:08:32 PDT"]
[Termination "korason34 won by resignation"]

1. e4 e5 2. Nf3 Nc6 3. Bb5 a6 4.
Ba4 Nf6 5. O-O Be7 6. Re1 b5 7. Bb3 d6 8. c3 O-O 9. h3 Na5 10. Bc2 c5 11. d4 Qc7 12. Nbd2 cxd4 13. cxd4 Bb7 14. Bd3 Rac8 15. d5 Nd7 16. Nf1 Nc4 17. Ng3 Rfe8 18. b3 Ncb6 19. Bd2 Qb8 20. Nf5 Nc5 21.
Bc2 Bf8 22. Nh2 Nbd7 23. Ng4 h5 24. Ngh6+ gxh6 25. Qxh5 Nf6 26. Qh4 Nh7 27. Bxh6 Kh8 28. Re3 Bxh6 29. Nxh6 Qc7 30. Rf3 Rf8 31. b4 Na4 32.
Bxa4 bxa4 33. Re1 Rce8 34. Ng4 f6 35. Qh6 Qg7 36. Qd2 Bc8 37. Nh6 Ng5 38. Rg3 Qxh6 39. Ree3 Rg8 40. Qd1 Rg7 41. Kf1 Bd7 42. h4 Nf7 43.
Rxg7 Kxg7 44. Rg3+ Kh7 45. Qc2 Rc8 0-1